 Dungeon Crawl Stone Soup version 0.29-a0-542-g075992c915 (webtiles) character file.

Game seed: 9197470890875727611

109 dolemite99 the Conjurer (level 5, 0/38 HPs)
             Began as a Meteoran Conjurer on June 3, 2022.
             Slain by a gnoll
             ... wielding a +0 club
             ... led by a gnoll sergeant
              (1 damage)
             ... on level 4 of the Dungeon.
             The game lasted 00:03:03 (2097 turns).

dolemite99 the Conjurer (Meteoran Conjurer)         Turns: 2097, Time: 00:03:03

Health: 0/38       AC:  4    Str:  9    XL:     5   Next: 37%
Magic:  10/10      EV: 12    Int: 21    God:
Gold:   68         SH:  0    Dex: 12    Spells: 6/9 levels left

rFire   . . .      SeeInvis .   i - +0 hunting sling
rCold   . . .      Faith    .   (no shield)
rNeg    . . .      Spirit   .   a - +0 robe
rPois   .          Reflect  .   (no helmet)
rElec   .          Harm     .   l - +0 cloak
rCorr   .          Rampage  .   (no gloves)
Will    .....                   j - +0 pair of boots
Stlth   +.........              (no amulet)
HPRegen 0.12/turn               (no ring)
MPRegen 0.12/turn               (no ring)

@: glowing
A: sense surroundings 1, otherworldly, glowing, explore regen
a: no special abilities


You were on level 4 of the Dungeon.
You visited 1 branch of the dungeon, and saw 4 of its levels.

You collected 68 gold pieces.

Inventory:

Hand Weapons
 e - a +0 hunting sling
 i - a +0 hunting sling (weapon)
 q - a +0 quarterstaff
Missiles
 d - 79 stones
 o - 5 poisoned darts
Armour
 a - a +0 robe (worn)
 j - a +0 pair of boots (worn)
 l - a +0 cloak (worn)
Potions
 b - a potion of magic
 c - 4 potions of curing
 g - a potion of degeneration {unknown}
 h - a potion of flight {unknown}
 k - 2 potions of might {unknown}
 m - a potion of lignification {unknown}
 n - a potion of mutation {unknown}
 r - a potion of cancellation {unknown}


   Skills:
 - Level 2.4 Dodging
 - Level 1.4 Stealth
 - Level 2.6 Spellcasting
 + Level 7.3 Conjurations


You had 6 spell levels left.
You knew the following spells:

 Your Spells              Type           Power      Damage    Failure   Level
a - Magic Dart            Conj           100%       1d8       1%          1
b - Searing Ray           Conj           66%        2d6       1%          2

Your spell library contained the following spells:

 Spells                   Type           Power      Damage    Failure   Level
 Dazzling Flash           Conj/Hex       36%        N/A       9%          3
 Mephitic Cloud           Conj/Pois/Air  13%        N/A       16%         3
 Fulminant Prism          Conj/Hex       9%         3d7       30%         4
 Iskenderun's Mystic Bla  Conj/Tloc      18%        2d6       30%         4
 Ignite Poison            Fire/Tmut/Pois 2%         N/A       38%         3
 Freezing Cloud           Conj/Ice/Air   6%         6-21      80%         5


Dungeon Overview and Level Annotations

Branches:
Dungeon (4/15)
 Temple: D:4-7

Altars:

Annotations:
D:3 2 transporters


Innate Abilities, Weirdness & Mutations

You passively map a small area around you.
You are easily found by Zot.
You glow in the dark.
You regain HP and MP as you explore.


Message History

Your quokka bites the orc.
A puff of flame appears from out of thin air!
The puff of flame hits your quokka.
Your quokka dies!
Your quokka's corpse dissolves into shadows!
You see here a +0 mace.
Casting: Searing Ray (safe; 1% risk of failure)
Confirm with . or Enter, or press ? or * to list all spells.
Aiming: Searing Ray (safe; 1% risk of failure)
Press: ? - help, Shift-Dir - straight line, f - orc
Aim: an orc, wielding a +0 club and wearing a +0 leather armour (severely wounded, 81% to hit)
The searing ray hits the orc.
You kill the orc! (Press . to maintain the ray.)
As you read the scroll labelled XECLOET VEDAUZ, it crumbles to dust.
It is a scroll of identify.
c - 4 potions of curing The gnoll sergeant hits you from afar with a +0 trident!
The gnoll sergeant hits you from afar with a +0 trident.
The worm bites you.
* * * LOW HITPOINT WARNING * * *
The gnoll sergeant hits you from afar with a +0 trident.
* * * LOW HITPOINT WARNING * * *
Something hits you but does no damage. The orc closely misses you.
The gnoll barely misses you. The gnoll closely misses you.
The gnoll sergeant barely misses you. The gnoll hits you with a +0 spear.
* * * LOW HITPOINT WARNING * * *
The gnoll closely misses you. The gnoll hits you with a +0 club.
* * * LOW HITPOINT WARNING * * *
The gnoll misses you. The gnoll hits you with a +0 spear.
* * * LOW HITPOINT WARNING * * *
The gnoll attacks as you move away! The gnoll misses you.
The gnoll attacks as you move away! The gnoll misses you. x2
Something hits you.
* * * LOW HITPOINT WARNING * * *
The gnoll closely misses you. The gnoll attacks as you move away!
The gnoll hits you with a +0 club.
You die...

#.....##.#.##.#.#<.#.##
#.....##.#.##.#.##.#.#
#.)...##≈≈≈≈≈≈≈≈≈..#.#
#.....##≈##≈≈≈##≈###.##
#...).##≈#######≈......
#.w.o..!≈≈#...#≈≈###.##
#...g.g...'..(#≈≈# #...
###.ggg.≈≈#g..#≈≈######
#.g{@.≈#######≈......
#####.≈##≈≈≈##≈###...
#.≈≈≈≈≈≈≈≈≈......
#....##..#.###...
#......>.........
#....###.#####...
#....# #.# #... ,
.......# #># * #!..
###...##*#.. , #...


You could see a gnoll sergeant, a worm, 5 gnolls and an orc.

Vanquished Creatures
  5 adders
  A worm (D:3)
  A dart slug (D:1)
  3 orcs
  5 ball pythons
  5 endoplasms
  4 giant cockroaches
  5 goblins
  3 hobgoblins
  4 jackals (D:2)
  2 kobolds (D:2)
  5 quokkas
  2 bats (D:3)
  5 frilled lizards
  4 rats
54 creatures vanquished.

Notes
Turn   | Place    | Note
-------+----------+-------------------------------------------
     0 | D:1      | dolemite99 the Meteoran Conjurer began the quest for the
                  | Orb.
     0 | D:1      | Reached XP level 1. HP: 14/14 MP: 5/5
    49 | D:1      | Reached skill level 5 in Conjurations
    69 | D:1      | Reached XP level 2. HP: 20/20 MP: 4/6
   500 | D:1      | Glimpsed the power of Zot.
   546 | D:2      | Reached XP level 3. HP: 26/26 MP: 6/8
   573 | D:2      | Learned a level 2 spell: Searing Ray
   594 | D:2      | Reached skill level 6 in Conjurations
   858 | D:2      | Reached XP level 4. HP: 33/33 MP: 7/9
  1100 | D:2      | Glimpsed the power of Zot.
  1315 | D:3      | Reached XP level 5. HP: 38/38 MP: 6/10
  1321 | D:3      | Reached skill level 7 in Conjurations
  1655 | D:3      | Found a transporter.
  1669 | D:3      | Found a transporter.
  1699 | D:3      | Glimpsed the power of Zot.
  2077 | D:4      | Noticed a gnoll sergeant
  2096 | D:4      | HP: 1/38 [something (1)]
  2097 | D:4      | Slain by a gnoll

Illustrated notes

Levels and vault maps discovered:
D:1:      onia_arrival_pyramid, layout_basic
D:2:      minmay_alternating_diamond, layout_basic,
          nicolae_ecumenical_snake_handling, uniq_jessica
D:3:      gammafunk_steamed_eel, layout_basic, mainiacjoe_overflow_paths,
          portal_sewer_entry_f, lemuel_old_faithful
D:4:      minmay_wonky_spiral, layout_basic, serial_shops, shop,
          lightli_minifort

Skill      XL: |  1  2  3  4  5 |
---------------+----------------+-----
Conjurations   | 5 6 7 |  7.3
Dodging        | |  2.4
Stealth        | |  1.4
Spellcasting   | |  2.6

Action                   |  1- 3 |  4- 6 || total
-------------------------+-------+-------++-------
 Cast: Magic Dart        |    40 |    32 ||    72
       Searing Ray       |       |    11 ||    11
  Use: Scroll            |       |     2 ||     2
Armor: Robe              |     1 |     5 ||     6
Dodge: Dodged            |     3 |    26 ||    29

Table legend: (Time is in decaauts)
 A = Elapsed time spent in this place.
 B = Non-inter-level travel time spent in this place.
 C = Inter-level travel time spent in this place.
 D = Time resting spent in this place.
 E = Time spent auto-exploring this place.
 F = Levels seen in this place.
 G = Mean time per level.
                   A        B        C        D        E       F      G
               +--------+--------+--------+--------+--------+-----+--------+
         Total |   2097 |   2050 |     47 |    801 |    805 |   4 |  524.2 |
       Dungeon |   2097 |   2050 |     47 |    801 |    805 |   4 |  524.2 |
               +--------+--------+--------+--------+--------+-----+--------+

Top non-repeatable levels by time:
     D:3: 641 daAuts
     D:2: 597 daAuts
     D:1: 509 daAuts
     D:4: 349 daAuts
